 Dungeon Crawl Stone Soup version 0.24-a0-592-g9a1d66b (webtiles) character file.

Game seed: 8298749375820018299, levelgen mode: deterministic

3343 Dorkslayer the Slasher (level 10, -2/68 (69) HPs)
             Began as an Octopode Fighter on Sept 8, 2019.
             Was a Believer of Dithmenos.
             Slain by a wyvern (20 damage)
             ... on level 8 of the Dungeon on Sept 9, 2019.
             The game lasted 00:41:39 (6591 turns).

Dorkslayer the Slasher (Octopode Fighter)           Turns: 6591, Time: 00:41:40

HP:   -2/68 (69)    AC:  1    Str: 18    XL:     10   Next: 2%
MP:   24/24         EV: 13    Int: 12    God:    Dithmenos [**....]
Gold: 403           SH:  9    Dex: 11    Spells: 9/15 levels left

rFire    . . .     SeeInvis .   a - +2 long sword
rCold    . . .     Gourm    .   b - +0 shield
rNeg     . . .     Faith    .   (helmet restricted)
rPois    .         Spirit   .   o - amulet of magic regeneration
rElec    .         Reflect  .   s - ring of magical power
rCorr    .         Harm     .   y - ring of wizardry
MR       .....                  w - ring of flight
Stlth    +++++.....             (no ring)
HPRegen  0.21/turn              (no ring)
MPRegen  0.44/turn              (no ring)
                                (no ring)
                                (no ring)

@: wreathed by umbra
A: almost no armour, stealthy swim, amphibious, 8 rings, constrict 8, camouflage
1, gelatinous body 1
a: Shadow Step, Renounce Religion, Evoke Flight


You were on level 8 of the Dungeon.
You worshipped Dithmenos.
Dithmenos was pleased with you.
You were not hungry.

You visited 2 branches of the dungeon, and saw 9 of its levels.

You collected 403 gold pieces.

Inventory:

Hand Weapons
 a - a +2 long sword (weapon)
 m - a +2 dagger of speed
 n - a +2 hand axe of freezing
Missiles
 f - 17 poisoned darts (quivered)
 r - 10 boomerangs
Armour
 b - a +0 shield (worn)
Jewellery
 o - an amulet of magic regeneration (around mantle)
 s - a ring of magical power (left tentacle)
 w - a ring of flight (on tentacle)
 y - a ring of wizardry (right tentacle)
Wands
 q - a wand of digging (3)
 t - a wand of paralysis (5)
 u - a wand of flame (13)
 A - a wand of polymorph (12)
Scrolls
 c - a scroll of remove curse
 e - a scroll of blinking
 k - a scroll of amnesia
 z - a scroll of immolation
 B - a scroll of teleportation
Potions
 g - a potion of invisibility
 h - a potion of cancellation
 i - 2 potions of resistance
 j - a potion of flight
 p - 3 potions of ambrosia
 v - a potion of lignification {unknown}
 x - 2 potions of curing
Comestibles
 d - 20 rations


   Skills:
 * Level 6.5 Fighting
 + Level 7.3 Long Blades
 + Level 3.5 Throwing
 + Level 4.6 Dodging
 + Level 5.4 Stealth
 + Level 4.5 Shields
 * Level 3.3 Spellcasting
 + Level 0.1 Air Magic
 * Level 4.1 Invocations
 * Level 4.7 Evocations


You had 9 spell levels left.
You knew the following spells:

 Your Spells              Type           Power        Failure   Level  Hunger
a - Ozocubu's Armour      Chrm/Ice       #.......     69%         3    ###....
b - Sting                 Conj/Pois      #...         32%         1    #......
c - Poisonous Vapours     Pois/Air       #.....       45%         2    ##.....

Your spell library contained the following spells:

 Spells                   Type           Power        Failure   Level  Hunger
 Shock                    Conj/Air       #...         32%         1    #......
 Swiftness                Chrm/Air       #.......     45%         2    ##.....
 Mephitic Cloud           Conj/Pois/Air  #.......     69%         3    ###....
 Regeneration             Chrm/Necr      #.........   69%         3    ###....
 Spectral Weapon          Hex/Chrm       #.......     69%         3    ###....
 Static Discharge         Conj/Air       #.......     69%         3    ###....
 Airstrike                Air            #.........   96%         4    #####..
 Olgreb's Toxic Radiance  Pois           #.......     96%         4    #####..
 Iskenderun's Battlesphe  Conj/Chrm      #.......     100%        5    ######.
 Lightning Bolt           Conj/Air       #.........   100%        5    ######.
 Venom Bolt               Conj/Pois      #.........   100%        5    ######.


Dungeon Overview and Level Annotations

Branches:
Dungeon (8/15)             Temple (1/1) D:5            Lair (0/6) D:8

Altars:
Ashenzari
Cheibriados
Dithmenos
Nemelex Xobeh
Trog
Xom
Yredelemnul
The Shining One


Innate Abilities, Weirdness & Mutations

You cannot wear most types of armour.
You are very stealthy in the water. (Stealth+)
You are amphibious.
You can wear up to eight rings at the same time.
You can use your tentacles to constrict eight enemies at once.
Your skin changes colour to match your surroundings (Stealth+).
Your rubbery body absorbs attacks. (AC +1, EV +1)


Message History

The wyvern bites you! The wyvern barely misses you.
You riposte.
You hit the wyvern.
The wyvern is lightly wounded.
You slash the wyvern!
The wyvern is heavily wounded.
The wyvern bites you!
You closely miss the wyvern. You squeeze the wyvern.
The wyvern is severely wounded.
The wyvern bites you! The wyvern closely misses you.
You hit the wyvern.
The wyvern is severely wounded.
The wyvern closely misses you.
You hit the wyvern.
The wyvern is almost dead.
You block the wyvern's attack. The wyvern bites you!
* * * LOW HITPOINT WARNING * * *
You hit the wyvern.
The wyvern is almost dead.
The wyvern bites you!!
You die...

#..#..................####
#..#...................#'########
#..####'############+##..........
#....#......#.........#..........
#....#......'........(#..........
#....#......#.........#....<.....
##########..####.###..#..........
#######.### .#....######
......l@..# #....# ..........#
+....# ..........# #....#
..........# #....+ .....##..##
#.... ..... #..# ..... #..# ....
...+


You could see a wyvern.

Vanquished Creatures
  Sigmund (D:3)
  A wyvern (D:8)
  A basilisk (D:8)
  A human (D:7)
  Menkaure (D:6)
  4 hogs (D:7)
  An acid dragon (D:8)
  An ice beast (D:6)
  A necrophage (D:6)
  2 ogres (D:6)
  A centaur (D:5)
  A crocodile (D:8)
  6 bullfrogs
  3 howler monkeys
  A hound (D:6)
  4 orc priests
  12 orc wizards
  2 iguanas
  7 worker ants
  A hound skeleton (D:5)
  2 worker ant zombies
  8 adders
  3 shadow imps
  4 oozes
  An adder zombie (D:5)
  2 worms
  A dart slug (D:1)
  A leopard gecko (D:4)
  28 orcs
  7 giant cockroaches
  7 goblins
  4 hobgoblins
  13 jackals
  16 kobolds
  4 quokkas
  A ball python (D:3)
  5 bats
  5 frilled lizards
  A quokka skeleton (D:4)
  9 rats
174 creatures vanquished.

Notes
Turn   | Place    | Note
-------+----------+-------------------------------------------
     0 | D:1      | Dorkslayer the Octopode Fighter began the quest for the
                  | Orb.
     0 | D:1      | Reached XP level 1. HP: 16/16 MP: 1/1
   446 | D:1      | Reached XP level 2. HP: 16/21 MP: 2/2
   884 | D:2      | Reached XP level 3. HP: 14/26 MP: 3/3
   886 | D:2      | Reached skill level 1 in Stealth
  1251 | D:2      | Reached XP level 4. HP: 33/33 MP: 4/4
  1771 | D:3      | Reached skill level 1 in Throwing
  1792 | D:3      | Reached skill level 3 in Long Blades
  1824 | D:3      | Reached XP level 5. HP: 26/37 MP: 5/5
  2060 | D:3      | Noticed Sigmund
  2066 | D:3      | Killed Sigmund
  2066 | D:3      | Reached XP level 6. HP: 25/44 MP: 6/6
  2397 | D:4      | Reached skill level 4 in Long Blades
  2530 | D:4      | Reached XP level 7. HP: 42/49 MP: 7/7
  2600 | D:4      | Upgraded the game from 0.24-a0-590-ga6a8d0c to
                  | 0.24-a0-592-g9a1d66b
  3001 | D:4      | Reached skill level 1 in Evocations
  3425 | D:5      | Entered Level 5 of the Dungeon
  3701 | D:5      | Found a staircase to the Ecumenical Temple.
  3711 | D:5      | Reached skill level 5 in Fighting
  3734 | D:5      | Identified Raudum's Handbook of Protection and Poisoning
  3748 | D:5      | Learned a level 3 spell: Ozocubu's Armour
  3750 | D:5      | Learned a level 1 spell: Sting
  3753 | D:5      | Learned a level 2 spell: Poisonous Vapours
  3756 | Temple   | Entered the Ecumenical Temple
  3764 | Temple   | Became a worshipper of Dithmenos the Shadowed
  3838 | D:5      | Reached skill level 5 in Long Blades
  3950 | D:5      | Reached XP level 8. HP: 45/55 MP: 9/9
  4237 | D:5      | Reached skill level 1 in Invocations
  4367 | D:6      | Noticed Menkaure
  4376 | D:6      | Reached * piety under Dithmenos
  4381 | D:6      | Killed Menkaure
  4381 | D:6      | Reached skill level 1 in Spellcasting
  5054 | D:6      | Reached skill level 6 in Long Blades
  5086 | D:6      | Reached XP level 9. HP: 7/61 MP: 12/12
  5861 | D:7      | Found a sparkling altar of Nemelex Xobeh.
  5870 | D:7      | Found a shimmering altar of Xom.
  5871 | D:7      | Found a shimmering altar of Xom.
  5872 | D:7      | Found a shimmering altar of Xom.
  5875 | D:7      | Found a shimmering altar of Xom.
  5875 | D:7      | Found a shimmering altar of Xom.
  5920 | D:7      | Noticed a polar bear
  5987 | D:7      | Reached ** piety under Dithmenos
  6053 | D:7      | Reached skill level 7 in Long Blades
  6393 | D:8      | Reached skill level 5 in Stealth
  6393 | D:8      | Reached XP level 10. HP: 68/68 MP: 15/15
  6423 | D:8      | Found a staircase to the Lair.
  6591 | D:8      | Slain by a wyvern

Levels and vault maps discovered:
D:1:      nzn_arrival_settlement, layout_basic
D:2:      layout_loops_ring, chequers_decorated_corner, grunt_ministairs_15,
          grunt_decor_arrowhead
D:3:      layout_rooms, uniq_sigmund
D:4:      layout_loops_corners, serial_glass, glass_columns_a, glass_columns_c,
          first_ration
D:5:      layout_gridville, temple_pool_b
D:6:      layout_loops_ring, uniq_menkaure
D:7:      layout_loops_ring, nemelex_xobeh_ov_fountains_minmay, grunt_livestock,
          xom_shifter_show
D:8:      layout_gridville, erik_lair_dragon
Temple:   nicolae_temple_the_god_donut

Skill      XL: |  1  2  3  4  5  6  7  8  9 |
---------------+----------------------------+-----
Stealth        | 1 2 3 4 5 |  5.4
Throwing       | 1 2 3 |  3.5
Long Blades    | 3 4 5 6 7 |  7.3
Fighting       | 4 5 6 |  6.5
Evocations     | 1 3 4 |  4.7
Dodging        | 4 |  4.6
Invocations    | 2 4 |  4.1
Shields        | 4 |  4.5
Spellcasting   | 2 3 |  3.3
Air Magic      | |  0.1

Action                   |  1- 3 |  4- 6 |  7- 9 | 10-12 || total
-------------------------+-------+-------+-------+-------++-------
Melee: Long sword        |    62 |    85 |   188 |    10 ||   345
       Constrict         |    16 |    24 |    59 |     1 ||   100
       Tentacles         |    12 |    20 |    35 |     2 ||    69
Throw: Throwing net      |     1 |     2 |       |       ||     3
       Dart              |       |    17 |    22 |       ||    39
       Javelin           |       |       |    10 |       ||    10
 Cast: Sting             |       |       |     1 |       ||     1
       Poisonous Vapours |       |       |     1 |       ||     1
Evoke: Wand              |       |       |     8 |       ||     8
  Use: Scroll            |       |     7 |    11 |       ||    18
       Potion            |       |     4 |     6 |       ||    10
 Stab: Sleeping          |     2 |     3 |     8 |     1 ||    14
       Paralysed         |       |       |     6 |       ||     6
       Distracted        |       |       |     1 |       ||     1
  Eat: Chunk             |     1 |     4 |    13 |       ||    18
Armor: Skin              |     3 |     4 |     8 |       ||    15
Dodge: Dodged            |    31 |    41 |    72 |     4 ||   148
Block: Shield            |    26 |    46 |    72 |     4 ||   148
       Rpst.: Long sword |     9 |    10 |    27 |     2 ||    48

Table legend:
 A = Non-vault XP
 B = Vault XP
 C = Vault XP percentage of total XP
 D = Non-vault monster count
 E = Vault monster count
 F = Vault count percentage of total count
                 A         B        C        D         E       F
            +---------+---------+-------+---------+---------+-------
      Total |    2740 |    2036 |  42.6 |     161 |      13 |   7.5
            +---------+---------+-------+---------+---------+-------
        D:1 |      22 |       0 |   0.0 |      13 |       0 |   0.0
        D:2 |      96 |       4 |   4.0 |      31 |       2 |   6.1
        D:3 |     139 |     220 |  61.3 |      28 |       1 |   3.4
        D:4 |     434 |       0 |   0.0 |      23 |       0 |   0.0
        D:5 |     437 |       0 |   0.0 |      22 |       0 |   0.0
        D:6 |    1198 |     175 |  12.7 |      32 |       1 |   3.0
        D:7 |     297 |     964 |  76.4 |      10 |       5 |  33.3
        D:8 |     117 |     673 |  85.2 |       2 |       4 |  66.7
            +---------+---------+-------+---------+---------+-------
